 Dungeon Crawl Stone Soup version 0.19.1 (webtiles) character file.

5035 nikopol the Spear-Bearer (level 10, -4/91 HPs)
             Began as a Minotaur Berserker on Nov 24, 2016.
             Was a High Priest of Trog.
             Slain by a killer bee (5 damage)
             ... on level 8 of the Dungeon.
             The game lasted 00:17:48 (7180 turns).

nikopol the Spear-Bearer (Minotaur Berserker)       Turns: 7180, Time: 00:17:48

Health: -4/91      AC: 14    Str: 22    XL:     10   Next: 30%
Magic:  9/9        EV: 14    Int:  4    God:    Trog [*****.]
Gold:   511        SH:  0    Dex: 13    Spells: 0 memorised, 9 levels left

rFire  . . .     SeeInvis .     a - +0 spear
rCold  . . .     Gourm    .     m - +0 scale mail
rNeg   . . .     Faith    .     (no shield)
rPois  .         Spirit   .     (helmet restricted)
rElec  .         Reflect  .     G - +0 cloak
rCorr  +         Harm     .     (no gloves)
MR     .....                    v - +0 pair of boots {Stlth+}
Stlth  +.........               P - amulet of regeneration
                                O - ring of resist corrosion
                                C - +3 ring of protection

@: lethally poisoned (-4 -> -23), exhausted, slowed, very slow
A: retaliatory headbutt, horns 2
a: Berserk, Trog's Hand, Brothers in Arms, Burn Spellbooks, Renounce Religion


You were on level 8 of the Dungeon.
You worshipped Trog.
Trog was extremely pleased with you.
You were near starving.

You visited 1 branch of the dungeon, and saw 9 of its levels.

You collected 511 gold pieces.

Inventory:

Hand Weapons
 a - a +0 spear (weapon)
Missiles
 d - 110 arrows (quivered)
Armour
 b - a +0 animal skin
 g - a +0 ring mail
 m - a +0 scale mail (worn)
 v - a +0 pair of boots of stealth (worn)
 G - a +0 cloak (worn)
Jewellery
 C - a +3 ring of protection (left hand)
 O - a ring of resist corrosion (right hand)
 P - an amulet of regeneration (around neck)
Wands
 B - a wand of disintegration (13/24)
 D - a wand of flame (11/48)
 N - a wand of lightning (2/15)
Scrolls
 e - 8 scrolls of identify {unknown}
 i - 3 scrolls of teleportation {unknown}
 k - 2 scrolls of blinking {unknown}
 l - 2 scrolls of fog {unknown}
 n - a scroll of random uselessness {unknown}
 p - 3 scrolls of remove curse {unknown}
 s - 3 scrolls of amnesia {unknown}
 t - 2 scrolls of enchant armour {unknown}
 u - a scroll of immolation {unknown}
 y - a scroll of fear {unknown}
 E - a scroll of recharging {unknown}
 Q - a scroll of vulnerability {unknown}
Potions
 h - 2 potions of resistance {unknown}
 o - a potion of heal wounds {unknown}
 r - 5 potions of curing {unknown}
 w - 3 potions of haste
 x - 2 potions of agility {unknown}
 A - a potion of lignification {unknown}
 F - 2 potions of brilliance {unknown}
 H - a potion of flight {unknown}
 I - a potion of mutation {unknown}
 J - a potion of might {unknown}
 K - a potion of degeneration {unknown}
Books
 M - a book of Maledictions

   Spells                             Type                      Level
   a - Corona                         Hexes                        1
   b - Ensorcelled Hibernation        Hexes/Ice                    2
   c - Confuse                        Hexes                        3
   d - Tukima's Dance                 Hexes                        3
   e - Dazzling Spray                 Conjuration/Hexes            3
   Trog disapproves of the use of such an item.
Comestibles
 c - 9 bread rations
 f - 6 meat rations
 j - 2 slices of pizza
 q - 2 beef jerkies
 z - 3 fruits
 L - 6 chunks of flesh


   Skills:
 + Level 9.5 Fighting
 * Level 10.6 Polearms
 + Level 9.1 Armour
 + Level 8.4 Dodging


You had 9 spell levels left.
You didn't know any spells.

Dungeon Overview and Level Annotations

Branches:
Dungeon (9/15)             Temple (0/1) D:6            Lair (0/6) D:8
    Orc: D:9-12

Altars:
Ashenzari
Dithmenos
Fedhas
Hepliaklqana
Qazlal
Sif Muna
Trog
Vehumet
Xom
Yredelemnul
The Shining One


Innate Abilities, Weirdness & Mutations

You reflexively headbutt those who attack you in melee.
You have a pair of horns on your head.


Message History

* * * LOW HITPOINT WARNING * * *
The killer bee closely misses you. x2; The killer bee barely misses you.
The killer bee stings you but does no damage.
The killer bee closely misses you. The killer bee barely misses you.
Eat one of 6 chunks of flesh? (ye/n/q)
You start eating one of the 6 chunks of flesh.
* * * LOW HITPOINT WARNING * * *
You feel very sick. The killer bee closely misses you.
The killer bee stings you but does no damage. x2
The killer bee misses you. You furiously retaliate!
You headbutt the killer bee!
You kill the killer bee!
Trog accepts your kill.
The killer bee stings you but does no damage.
The killer bee completely misses you.
Your ogre closely misses the killer bee.
The killer bee stings you but does no damage. x2
The killer bee misses you. The killer bee stings you.
You die...

..$...†........####.#.[
..P...†...............#
....P#................)
..# #...%.............
#.....##########.(
#....†# #######..
##############.....+
.).......
##......(.....y†yO..#
########.
##.....#########@y[..#
#( .....####### #y##†##
#) #...##§..._# #.##.#
#. #...##§#'#≈#
#.##.####### #.
#....###.###
#.##.......# #.
#......#.#
#.########.#######
#........# #..
#........ #......###
### ######### #......#
#


You could see 4 killer bees and a friendly ogre (berserk).

Vanquished Creatures
  Pikel (D:4)
  Grinder (D:6)
  A hippogriff (D:7)
  A spriggan (D:7)
  2 basilisks (D:8)
  Edmund (D:4)
  The ghost of dscm the Magician, an amateur OpEE of Vehumet (D:4)
  A soldier ant (D:7)
  A water moccasin (D:7)
  2 porcupines (D:8)
  Duvessa (D:4)
  An ice beast (D:6)
  An orc warrior (D:9)
  2 black bears (D:7)
  2 phantoms
  A centaur (D:6)
  3 ogres
  A crocodile (D:8)
  A big kobold (D:8)
  A bullfrog (D:7)
  Dowan (D:4)
  3 scorpions
  8 killer bees
  A howler monkey (D:5)
  A crimson imp (D:5)
  2 centaur zombies
  6 hounds
  A jelly (D:7)
  A bullfrog skeleton (D:8)
  5 orc priests
  A centaur skeleton (D:5)
  6 orc wizards
  Crazy Yiuf (D:4)
  Natasha (D:3)
  8 iguanas
  3 worker ants
  A killer bee zombie (D:7)
  2 hound zombies
  A hound skeleton (D:6)
  A howler monkey skeleton (D:5)
  A howler monkey zombie (D:6)
  12 adders
  A river rat (D:8)
  2 shadow imps
  4 oozes
  An adder zombie (D:5)
  An adder skeleton (D:8)
  2 worms (D:2)
  3 dart slugs
  5 leopard geckos
  25 orcs
  4 giant cockroaches
  5 goblins
  9 hobgoblins
  17 jackals
  3 quokkas
  7 bats
  6 frilled lizards
  A jackal skeleton (D:6)
  12 kobolds
  A leopard gecko skeleton (D:5)
  5 rats
207 creatures vanquished.

Vanquished Creatures (others)
  An adder (D:4)
  A worm (D:4)
  A fungus (D:8)
  4 plants (D:8)
7 creatures vanquished.

Grand Total: 214 creatures vanquished

Notes
Turn   | Place    | Note
-------+----------+-------------------------------------------
     0 | D:1      | nikopol the Minotaur Berserker began the quest for the Orb.
     0 | D:1      | Reached XP level 1. HP: 19/19 MP: 0/0
   198 | D:1      | Reached XP level 2. HP: 27/27 MP: 1/1
   526 | D:2      | Reached skill level 4 in Polearms
   526 | D:2      | Reached XP level 3. HP: 33/33 MP: 2/2
   840 | D:2      | Reached ** piety under Trog
   937 | D:2      | Found a basalt altar of Yredelemnul.
   951 | D:2      | Found a glowing golden altar of the Shining One.
  1095 | D:2      | Reached XP level 4. HP: 41/41 MP: 3/3
  1243 | D:2      | Noticed an angel
  1358 | D:3      | Found a faded altar of an unknown god.
  1546 | D:3      | Noticed Natasha
  1552 | D:3      | Killed Natasha
  1552 | D:3      | Reached XP level 5. HP: 47/47 MP: 4/4
  1627 | D:3      | Reached skill level 5 in Fighting
  2117 | D:3      | Reached *** piety under Trog
  2117 | D:3      | Reached XP level 6. HP: 19/56 MP: 5/5
  2634 | D:4      | Noticed Edmund
  2641 | D:4      | Killed Edmund
  2641 | D:4      | Reached skill level 5 in Polearms
  2642 | D:4      | Reached skill level 5 in Armour
  2642 | D:4      | Reached XP level 7. HP: 54/62 MP: 6/6
  2789 | D:4      | Found a hazy altar of Hepliaklqana.
  2844 | D:4      | Noticed dscm's ghost (amateur OpEE)
  2849 | D:4      | Killed dscm's ghost
  2849 | D:4      | Reached skill level 5 in Dodging
  2896 | D:4      | Noticed Duvessa
  2897 | D:4      | Noticed Dowan
  2906 | D:4      | Killed Duvessa
  2906 | D:4      | Reached skill level 6 in Polearms
  2921 | D:4      | Killed Dowan
  3027 | D:4      | Found a radiant altar of Vehumet.
  3240 | D:4      | Reached XP level 8. HP: 71/71 MP: 7/7
  3418 | D:4      | Noticed Pikel
  3440 | D:4      | Killed Pikel
  3440 | D:4      | Reached skill level 7 in Polearms
  3631 | D:4      | Found a runed door.
  3635 | D:4      | Noticed Crazy Yiuf
  3640 | D:4      | Killed Crazy Yiuf
  3946 | D:5      | Entered Level 5 of the Dungeon
  4179 | D:5      | Reached **** piety under Trog
  4204 | D:5      | Found a shadowy altar of Dithmenos.
  4702 | D:5      | Found a deep blue altar of Sif Muna.
  5026 | D:6      | Reached XP level 9. HP: 64/81 MP: 8/8
  5120 | D:6      | Reached skill level 8 in Polearms
  5255 | D:6      | Noticed Grinder
  5257 | D:6      | Paralysed by Grinder for 2 turns
  5279 | D:6      | Killed Grinder
  5510 | D:6      | Found a staircase to the Ecumenical Temple.
  5716 | D:7      | Found a shattered altar of Ashenzari.
  5873 | D:7      | Reached skill level 9 in Polearms
  6089 | D:7      | You fall through a shaft for 2 floors!
  6348 | D:7      | Found a bloodstained altar of Trog.
  6348 | D:7      | Found a stormy altar of Qazlal.
  6455 | D:8      | Found a blossoming altar of Fedhas.
  6455 | D:8      | Found a shimmering altar of Xom.
  6701 | D:8      | Reached XP level 10. HP: 83/91 MP: 9/9
  6818 | D:7      | Reached skill level 10 in Polearms
  6912 | D:8      | Reached ***** piety under Trog
  7078 | D:8      | Found a staircase to the Lair.
  7179 | D:8      | HP: 4/91 [killer bee (4)]
  7180 | D:8      | HP: 1/91 [poisoned by a killer bee]
  7180 | D:8      | Slain by a killer bee

Skill      XL: |  1  2  3  4  5  6  7  8  9 10 |
---------------+-------------------------------+-----
Armour         | 3 4 5 6 7 8 9 |  9.1
Fighting       | 4 5 6 7 9 |  9.5
Polearms       | 4 5 6 7 9 10 | 10.6
Dodging        | 3 4 5 6 8 |  8.4

Action                   |  1- 3 |  4- 6 |  7- 9 | 10-12 || total
-------------------------+-------+-------+-------+-------++-------
Melee: Spear             |    88 |   131 |   454 |   150 ||   823
       Headbutt          |    10 |    17 |    97 |    33 ||   157
Invok: Berserk           |       |     2 |     4 |     1 ||     7
       Brothers in Arms  |       |       |       |     1 ||     1
  Eat: Chunk             |       |     6 |    16 |     2 ||    24
       Beef jerky        |       |       |     1 |       ||     1
Armor: Ring mail         |     3 |       |       |       ||     3
       Scale mail        |    14 |    38 |    87 |    57 ||   196
Dodge: Dodged            |    27 |    50 |   150 |    95 ||   322
